 Dungeon Crawl Stone Soup version 0.28.0-49-g6dfe1f597d (webtiles) character file.

Game seed: 9084365237025996044

7 Exodus22XD the Sneak (level 2, 0/15 HPs)
             Began as a Kobold Enchanter on May 15, 2022.
             Slain by a hobgoblin (4 damage)
             ... on level 1 of the Dungeon.
             The game lasted 00:00:20 (213 turns).

Exodus22XD the Sneak (Kobold Enchanter)              Turns: 213, Time: 00:00:21

Health: 0/15       AC:  2    Str:  5    XL:     2   Next: 10%
Magic:  3/5        EV: 15    Int: 16    God:
Gold:   10         SH:  0    Dex: 15    Spells: 3/5 levels left

rFire   . . .      SeeInvis .   a - +1 dagger
rCold   . . .      Faith    .   (no shield)
rNeg    . . .      Spirit   .   b - +0 robe
rPois   .          Reflect  .   (no helmet)
rElec   .          Harm     .   (no cloak)
rCorr   .          Rampage  .   (no gloves)
Will    .....                   (no boots)
Stlth   ++++......              (no amulet)
HPRegen 0.05/turn               (no ring)
MPRegen 0.09/turn               (no ring)

@: no status effects
A: small, no large weapons, nightstalker 3
a: no special abilities


You were on level 1 of the Dungeon.
You visited 1 branch of the dungeon, and saw 1 of its levels.

You collected 10 gold pieces.

Inventory:

Hand Weapons
 a - a +1 dagger (weapon)
Armour
 b - a +0 robe (worn)
Potions
 c - a potion of invisibility


   Skills:
 - Level 1.3 Short Blades
 - Level 2.4 Dodging
 + Level 4.9 Stealth
 - Level 2.1 Spellcasting
 - Level 3.0 Hexes


You had 3 spell levels left.
You knew the following spells:

 Your Spells              Type           Power      Damage    Failure   Level
a - Ensorcelled Hibernat  Hex/Ice        12%        N/A       17%         2

Your spell library contained the following spells:

 Spells                   Type           Power      Damage    Failure   Level
 Confusing Touch          Hex            11%        N/A       19%         3
 Tukima's Dance           Hex            11%        N/A       19%         3
 Dazzling Flash           Conj/Hex       12%        N/A       32%         3


Dungeon Overview and Level Annotations

Branches:
Dungeon (1/15)

Altars:


Innate Abilities, Weirdness & Mutations

You are small and have problems with some larger weapons.
You are completely attuned to the shadows.


Message History

You hit the goblin.
The goblin is severely wounded.
The goblin closely misses you.
A rat comes into view.
There are monsters nearby!
You closely miss the goblin.
The goblin is severely wounded.
A hobgoblin comes into view.
The goblin hits you but does no damage.
There are monsters nearby!
You hit the goblin.
You kill the goblin!
There are monsters nearby!
The rat twitches its whiskers.
The rat bites you but does no damage. The hobgoblin closely misses you.
There are monsters nearby!
You hit the hobgoblin.
The hobgoblin is severely wounded.
The rat barely misses you. The hobgoblin closely misses you.
There are monsters nearby!
You hit the hobgoblin.
The hobgoblin is almost dead.
The rat closely misses you.
You barely miss the hobgoblin. Your punch misses the hobgoblin.
The hobgoblin is almost dead.
The hobgoblin hits you.
* * * LOW HITPOINT WARNING * * *
The rat closely misses you.
You are too injured to fight recklessly!
Casting: Ensorcelled Hibernation (safe; 17% risk of failure)
Confirm with . or Enter, or press ? or * to list all spells.
Aiming: Ensorcelled Hibernation (safe; 17% risk of failure)
Press: ? - help, Shift-Dir - straight line, f - rat
Aim: a rat (chance to affect: 57%)
The rat looks drowsy...
The hobgoblin misses you.
The helpless rat fails to defend itself.
You impale the rat!!
You kill the rat!
The hobgoblin hits you.
You die...

##.#.).....#...###
..##..#†....##..)..#
......#............#
...................#
#......#...#..†.....
.##.......#......#
..##.......#......#
....#....# #....).#
....#....# #...@..#
....#..... ...g.†.#
#####....#. .......#
.........# .........
....####...
........# ≈..## ...
..## .. .## ##


You could see a hobgoblin.

Vanquished Creatures
  A ball python (D:1)
  2 goblins (D:1)
  A kobold (D:1)
  A quokka (D:1)
  A frilled lizard (D:1)
  A rat (D:1)
7 creatures vanquished.

Notes
Turn   | Place    | Note
-------+----------+-------------------------------------------
     0 | D:1      | Exodus22XD the Kobold Enchanter began the quest for the
                  | Orb.
     0 | D:1      | Reached XP level 1. HP: 10/10 MP: 3/3
    88 | D:1      | Reached XP level 2. HP: 2/15 MP: 5/5
    91 | D:1      | Learned a level 2 spell: Ensorcelled Hibernation
   213 | D:1      | Slain by a hobgoblin

Illustrated notes

Levels and vault maps discovered:
D:1:      amcnicky_arrival_feature_with_door, layout_basic

Action                   || total
-------------------------++-------
Melee: Dagger            ||    27
       Punch             ||     1
 Cast: Ensorcelled Hiber ||     1
 Stab: Sleeping          ||     3
Armor: Robe              ||     6
Dodge: Dodged            ||    33
